 Dungeon Crawl Stone Soup version 0.29.0-11-gd7f09526c8 (webtiles) character file.

Game seed: 6887494617215080583

358 LunaticDancer the Covered (level 6, -1/49 HPs)
             Began as a Barachi Fighter on Aug 31, 2022.
             Slain by an ogre
             ... wielding a +0 giant club
              (8 damage)
             ... on level 3 of the Dungeon on Sept 5, 2022.
             The game lasted 00:14:01 (3676 turns).

LunaticDancer the Covered (Barachi Fighter)         Turns: 3676, Time: 00:14:01

Health: -1/49      AC:  8    Str: 18    XL:     6   Next: 64%
Magic:  6/6        EV: 10    Int:  8    God:
Gold:   141        SH:  5    Dex: 13    Spells: 5/5 levels left

rFire   . . .      SeeInvis +   a - +0 long sword
rCold   . . .      Faith    .   c - +0 buckler
rNeg    . . .      Spirit   .   b - +0 scale mail
rPois   .          Reflect  .   g - +0 helmet
rElec   .          Harm     .   s - scarf {+Inv}
rCorr   .          Rampage  .   (no gloves)
Will    .....                   (no boots)
Stlth   ..........              (no amulet)
HPRegen 0.16/turn               t - ring of see invisible
MPRegen 0.10/turn               (no ring)

@: unable to hop, slow
A: amphibious, slowness 1, strong legs 1, +LOS
a: Hop, Evoke Invisibility


You were on level 3 of the Dungeon.
You visited 1 branch of the dungeon, and saw 4 of its levels.

You collected 141 gold pieces.

Inventory:

Hand Weapons
 a - a +0 long sword (weapon)
Missiles
 n - 4 javelins
 q - 9 poisoned darts (quivered)
Armour
 b - a +0 scale mail (worn)
 c - a +0 buckler (worn)
 g - a +0 helmet (worn)
 s - a scarf of invisibility (worn)
Jewellery
 t - a ring of see invisible (left hand)
Scrolls
 e - 2 scrolls of identify {unknown}
 h - a scroll of summoning {unknown}
 m - a scroll of blinking {unknown}
 r - a scroll of teleportation {unknown}
 u - a scroll of noise {unknown}
 w - a scroll of magic mapping {unknown}
Potions
 d - a potion of might
 f - 2 potions of degeneration {unknown}
 i - 2 potions of berserk rage {unknown}
 j - a potion of invisibility {unknown}
 k - a potion of cancellation {unknown}
 l - a potion of mutation {unknown}
 o - 2 potions of flight {unknown}
 p - a potion of attraction {unknown}
 v - a potion of lignification {unknown}


   Skills:
 + Level 4.4 Fighting
 + Level 4.9 Long Blades
 * Level 5.7 Armour
 * Level 2.0 Dodging
 * Level 4.3 Shields


You had 5 spell levels left.
You didn't know any spells.
Your spell library contained the following spells:

 Spells                   Type           Power      Damage    Failure   Level
 Apportation              Tloc           0%         N/A       86%         1
 Alistair's Intoxication  Tmut/Pois      0%         N/A       100%        5


Dungeon Overview and Level Annotations

Branches:
Dungeon (4/15)
 Temple: D:4-7

Altars:

Annotations:
D:3 2 transporters, dvd2's ghost, amateur HOFi


Innate Abilities, Weirdness & Mutations

You are amphibious.
You cover ground slowly.
You can hop short distances.
You have an extended range of vision and can be seen from far away.


Message History

There is a stone staircase leading down here.
Partly explored, unvisited transporter.
You climb downwards.
You hear the hiss of flowing sand.
There is an entrance to an ossuary on this level.
Hurry and find it before the portal is buried!
There is a stone staircase leading up here.
Found 6 stones.
You block the quokka's attack.
You hit the quokka.
You kill the quokka!
An ogre and a centaur come into view.
The ogre shouts!
The centaur shouts!
A hound comes into view.
You slash the ogre!
The ogre is moderately wounded.
The ogre hits you with a +0 giant club!
You hit the ogre but do no damage.
The ogre is moderately wounded.
You hit the ogre but do no damage.
The ogre is moderately wounded.
The ogre hits you with a +0 giant club!!
Ouch! That really hurt!
* * * LOW HITPOINT WARNING * * *
Hop to where?
Press: ? - help, Dir - move target Boing!
The centaur wields a +0 shortbow.
The centaur shoots an arrow.
The arrow hits you.
* * * LOW HITPOINT WARNING * * *
The centaur shoots an arrow.
You block the arrow.
There is a stone staircase leading up here.
The ogre closely misses you.
You climb upwards.
Level annotation: 2 transporters, dvd2's ghost, amateur HOFi
There is a stone staircase leading down here.
You are too injured to fight recklessly!
You barely miss the ogre.
The ogre is moderately wounded.
The ogre hits you with a +0 giant club!
You die...

..<.......##..#######..#.......ZZ
.....####.........##..©#.Z...©...
#...## ###..####......#5........
##### #..####......#..#8#.#8#
#..#....###..#..###.### #....####
#..#Z........
###########..#.........
##......O.....##########
#......@...(.....)......
############............
#############


You could see an ogre and a howler monkey skeleton.

Vanquished Creatures
  Sigmund (D:3)
  An orc priest (D:3)
  Natasha (thrice) (D:3)
  4 adders
  2 worms (D:2)
  3 dart slugs
  5 orcs (D:3)
  4 endoplasms
  3 giant cockroaches
  2 goblins
  2 hobgoblins
  4 quokkas
  2 ball pythons (D:3)
  3 bats (D:1)
  5 frilled lizards
  6 kobolds
  3 rats
53 creatures vanquished.

Vanquished Creatures (others)
  2 fungi (D:2)
2 creatures vanquished.

Grand Total: 55 creatures vanquished

Notes
Turn   | Place    | Note
-------+----------+-------------------------------------------
     0 | D:1      | LunaticDancer the Barachi Fighter began the quest for the
                  | Orb.
     0 | D:1      | Reached XP level 1. HP: 18/18 MP: 1/1
   180 | D:1      | You fall into a shaft and drop 1 floor!
   266 | D:2      | Reached XP level 2. HP: 18/25 MP: 2/2
   420 | D:2      | Reached skill level 4 in Armour
   657 | D:2      | Reached XP level 3. HP: 26/30 MP: 3/3
  2015 | D:2      | Found a faded altar of an unknown god.
  2056 | D:2      | Reached XP level 4. HP: 28/37 MP: 4/4
  2521 | D:3      | Noticed Natasha
  2531 | D:3      | Killed Natasha
  2642 | D:3      | Noticed Natasha
  2652 | D:3      | Killed Natasha
  2653 | D:3      | Reached skill level 1 in Dodging
  2665 | D:3      | Noticed Natasha
  2672 | D:3      | Killed Natasha
  2673 | D:3      | Reached XP level 5. HP: 36/42 MP: 5/5
  2677 | D:3      | Upgraded the game from 0.29.0-7-g18a832c13a to
                  | 0.29.0-11-gd7f09526c8
  3131 | D:3      | Reached skill level 5 in Armour
  3321 | D:3      | Noticed Sigmund
  3350 | D:3      | Killed Sigmund
  3351 | D:3      | Reached XP level 6. HP: 49/49 MP: 6/6
  3355 | D:3      | Noticed dvd2's ghost (amateur HOFi)
  3397 | D:3      | Found a transporter.
  3404 | D:3      | Found a transporter.
  3676 | D:3      | Slain by an ogre

Illustrated notes

Levels and vault maps discovered:
D:1:      matt_arrival_refuge, layout_basic
D:2:      layout_basic, dreamdust_ecumenical_altar_grove, serial_aquarium,
          aquarium_bridge_square [aquarium_subvault_window,
          aquarium_subvault_bridge, aquarium_subvault_bridge,
          aquarium_subvault_bridge], aquarium_bridge_square
          [aquarium_subvault_window, aquarium_subvault_bridge,
          aquarium_subvault_wall, aquarium_subvault_bridge], aquarium_window_1,
          aquarium_window_double, aquarium_view_2e, aquarium_view_4
D:3:      layout_rooms, gammafunk_ghost_mausoleum, uniq_natasha, uniq_sigmund
D:4:      wander_river, layout_loops_ring, jmf_multi_god_temple,
          minmay_temple_entry_slanted, serial_forest,
          infiniplex_forest_lined_room_, infiniplex_forest_lined_room_3,
          infiniplex_forest_lined_3_way, infiniplex_forest_pool,
          infiniplex_forest_clump_small, lightli_ossuary_entry_decrepit_ruins

Skill      XL: |  1  2  3  4  5 |
---------------+----------------+-----
Armour         | 4 5 |  5.7
Fighting       | 4 |  4.4
Long Blades    | 3 4 |  4.9
Dodging        | 1 2 |  2.0
Shields        | 4 |  4.3

Action                   |  1- 3 |  4- 6 || total
-------------------------+-------+-------++-------
Melee: Long sword        |   118 |   107 ||   225
 Abil: Hop               |     1 |     2 ||     3
Armor: Scale mail        |    59 |    43 ||   102
Dodge: Dodged            |    55 |    44 ||    99
Block: Buckler           |    23 |    22 ||    45
